 Dungeon Crawl Stone Soup version 0.27.0-1-g7a089689b8 (webtiles) character file.

Game seed: 8648865472769558268

1126 dolemite99 the Ruffian (level 8, -2/58 HPs)
             Began as a Demonspawn Fighter on Aug 9, 2021.
             Slain by Dowan (3 damage)
             ... on level 6 of the Dungeon.
             The game lasted 00:06:10 (5870 turns).

dolemite99 the Ruffian (Demonspawn Fighter)         Turns: 5870, Time: 00:06:11

Health: -2/58      AC: 12    Str: 18    XL:     8   Next: 13%
Magic:  8/8        EV:  7    Int:  9    God:
Gold:   271        SH:  6    Dex: 14    Spells: 7/7 levels left

rFire    . . .     SeeInvis .     - Unarmed
rCold    . . .     Faith    .   o - +2 buckler
rNeg     . . .     Spirit   .   h - +0 plate armour
rPois    .         Reflect  .   (no helmet)
rElec    .         Harm     .   (no cloak)
rCorr    .         Rampage  .   (no gloves)
Will     .....                  r - +0 pair of boots
Stlth    ..........             (no amulet)
HPRegen  0.19/turn              (no ring)
MPRegen  0.11/turn              (no ring)

@: no status effects
A: claws 2, repulsion field 1, powered by death 1
a: no special abilities


You were on level 6 of the Dungeon.
You visited 1 branch of the dungeon, and saw 6 of its levels.

You collected 271 gold pieces.

Inventory:

Hand Weapons
 a - a +0 war axe
 f - a +0 hunting sling
 s - a +0 hunting sling
 t - a +0 hunting sling
Missiles
 i - 178 stones (quivered)
 p - 75 bolts
 v - 37 sling bullets
Armour
 b - a +0 scale mail
 c - a +0 kite shield
 h - a +0 plate armour (worn)
 o - a +2 buckler (worn)
 r - a +0 pair of boots (worn)
Jewellery
 k - a +6 ring of dexterity
 n - a ring of resist corrosion
Wands
 l - a wand of iceblast (16)
Scrolls
 e - 4 scrolls of identify {@r1}
 j - a scroll of enchant weapon
 q - 3 scrolls of teleportation
 u - a scroll of amnesia
 x - a scroll of fog
Potions
 d - a potion of lignification
 g - 2 potions of curing
 m - 2 potions of heal wounds
 w - a potion of invisibility


   Skills:
 - Level 3.0 Fighting
 - Level 2.7 Axes
 - Level 2.6 Armour
 - Level 2.6 Shields
 - Level 7.9 Unarmed Combat
 + Level 3.0 Evocations


You had 7 spell levels left.
You didn't know any spells.
Your spell library contained the following spells:

 Spells                   Type           Power      Damage    Failure   Level
 Apportation              Tloc           0%         N/A       100%        1
 Freeze                   Ice            0%         1d3       100%        1
 Ensorcelled Hibernation  Hex/Ice        0%         N/A       100%        2
 Frozen Ramparts          Ice            0%         1d2       100%        3
 Spider Form              Tmut/Pois      0%         N/A       100%        3
 Hailstorm                Conj/Ice       0%         3d3       100%        4
 Alistair's Intoxication  Tmut/Pois      0%         N/A       100%        5
 Invisibility             Hex            0%         N/A       100%        6
 Shadow Creatures         Summ           N/A        N/A       100%        6


Dungeon Overview and Level Annotations

Branches:
Dungeon (6/15)
 Temple: D:4-7

Altars:

Annotations:
D:6 Dowan


Innate Abilities, Weirdness & Mutations

You have very sharp fingernails.
You are surrounded by a mild repulsion field. (EV +2)
You regenerate a little health from kills.


Message History

Dowan screams, "No!
Oh no!"
Dowan seems to find hidden reserves of power!
You feel sick. Dowan gestures at you while chanting. The shard of ice hits you!
* * * LOW HITPOINT WARNING * * *
Your Evocations skill increases to level 3!
You feel much better.
You feel sick. You block Dowan's attack. Dowan hits you but does no damage.
You feel better.
Dowan breathes, "And she was my only..."
Dowan hits you but does no damage.
You scratch Dowan but do no damage. You block Dowan's attack.
Dowan barely misses you.
You scratch Dowan.
Dowan is lightly wounded.
Dowan hits you but does no damage.
You claw Dowan!
Dowan is moderately wounded.
Dowan gestures at you while chanting. The stone arrow misses you.
Dowan casts a spell at you. The stone arrow hits you!
You scratch Dowan.
Dowan is heavily wounded.
Dowan hits you but does no damage.
You scratch Dowan.
Dowan is heavily wounded.
Dowan casts a spell at you. The shard of ice hits you!!
* * * LOW HITPOINT WARNING * * *
You closely miss Dowan.
Dowan is heavily wounded.
Dowan hits you with a +0 dagger.
* * * LOW HITPOINT WARNING * * *
Dowan hits you but does no damage.
You scratch Dowan.
Dowan is severely wounded.
Dowan hits you with a +0 dagger.
You die...

############
*#...e......#*
**,,##@##***,,*
**,,##)..## **,*
**,,##.....## *,*
#..##.#...#.##*,*
#.##.8.8.8.8.##,*
#.#...........#,*
#.+...........+,*
#.#...........#**
#.##.8.8.8.8.##


You could see Dowan (fast).

Vanquished Creatures
  Grinder (D:4)
  A steam dragon (D:5)
  Duvessa (D:6)
  A scorpion (D:5)
  2 water moccasin skeletons
  A gnoll shaman (D:4)
  A hound (D:5)
  An orc priest (D:5)
  A bullfrog skeleton (D:4)
  A centaur skeleton (D:5)
  An iguana (D:4)
  Natasha (thrice) (D:4)
  A killer bee zombie (D:5)
  A hound skeleton (D:5)
  10 gnolls
  5 adders
  An ufetubus (D:5)
  A worm (D:4)
  A dart slug (D:2)
  7 orcs
  7 ball pythons
  A bat (D:3)
  3 endoplasms
  A giant cockroach (D:2)
  5 goblins
  2 hobgoblins
  8 jackals
  2 kobolds
  3 quokkas
  3 frilled lizards
  6 rats
83 creatures vanquished.

Vanquished Creatures (others)
  An ogre (D:4)
1 creature vanquished.

Grand Total: 84 creatures vanquished

Notes
Turn   | Place    | Note
-------+----------+-------------------------------------------
     0 | D:1      | dolemite99 the Demonspawn Fighter began the quest for the
                  | Orb.
     0 | D:1      | Reached XP level 1. HP: 18/18 MP: 1/1
   555 | D:1      | Gained mutation: You have sharp fingernails. [demonic
                  | ancestry]
   555 | D:1      | Reached XP level 2. HP: 24/24 MP: 2/2
  1054 | D:2      | Reached skill level 1 in Unarmed Combat
  1203 | D:2      | Noticed a great orb of eyes
  1205 | D:2      | Found a faded altar of an unknown god.
  1209 | D:2      | Noticed a great orb of eyes
  1215 | D:2      | Noticed a golden eye
  1251 | D:2      | Gained mutation: You regenerate a little health from kills.
                  | [demonic ancestry]
  1251 | D:2      | Reached XP level 3. HP: 29/29 MP: 3/3
  1619 | D:2      | Reached skill level 2 in Unarmed Combat
  1658 | D:2      | Noticed a floating eye
  1899 | D:2      | Gained mutation: You have very sharp fingernails. [demonic
                  | ancestry]
  1899 | D:2      | Reached XP level 4. HP: 10/35 MP: 4/4
  2382 | D:2      | Reached skill level 3 in Unarmed Combat
  3286 | D:4      | Noticed Natasha
  3521 | D:4      | Noticed Grinder
  3528 | D:4      | Killed Grinder
  3529 | D:4      | Reached skill level 5 in Unarmed Combat
  3529 | D:4      | Reached XP level 5. HP: 8/41 MP: 5/5
  3529 | D:4      | Reached XP level 6. HP: 10/47 MP: 6/6
  3574 | D:4      | Killed Natasha
  3933 | D:4      | Reached skill level 6 in Unarmed Combat
  3951 | D:4      | Noticed Natasha
  3980 | D:4      | Killed Natasha
  4024 | D:4      | Noticed Natasha
  4033 | D:4      | Killed Natasha
  4034 | D:4      | Gained mutation: You are surrounded by a mild repulsion
                  | field. (EV +2) [demonic ancestry]
  4034 | D:4      | Reached XP level 7. HP: 44/52 MP: 7/7
  4551 | D:5      | Entered Level 5 of the Dungeon
  4885 | D:5      | Reached skill level 7 in Unarmed Combat
  5148 | D:5      | Noticed a steam dragon
  5151 | D:5      | Killed a steam dragon
  5317 | D:5      | Reached skill level 1 in Evocations
  5729 | D:6      | Reached XP level 8. HP: 58/58 MP: 8/8
  5851 | D:6      | Noticed Duvessa
  5851 | D:6      | Noticed Dowan
  5861 | D:6      | Killed Duvessa
  5861 | D:6      | HP: 1/58 [Dowan/shard of ice (15)]
  5869 | D:6      | HP: 1/58 [Dowan (5)]
  5870 | D:6      | Slain by Dowan

Illustrated notes

Levels and vault maps discovered:
D:1:      amcnicky_arrival_single_pillar, layout_basic
D:2:      layout_loops_ring, hellmonk_ecumenical_altar_watching_god
D:3:      layout_basic, chequers_jeans
D:4:      layout_cave_pools, uniq_natasha, uniq_grinder
D:5:      layout_basic
D:6:      layout_basic, kennysheep_cross_room, dk_noncrumbling_3, uniq_duvessa

Skill      XL: |  1  2  3  4  5  6  7  8 |
---------------+-------------------------+-----
Axes           | 2 |  2.7
Unarmed Combat | 1 2 5 6 7 |  7.9
Evocations     | 1 3 |  3.0
Fighting       | |  3.0
Armour         | |  2.6
Shields        | |  2.6

Action                   |  1- 3 |  4- 6 |  7- 9 || total
-------------------------+-------+-------+-------++-------
Melee: War axe           |    30 |       |       ||    30
       Unarmed           |   119 |    92 |   121 ||   332
Throw: Stone             |    11 |    30 |    20 ||    61
Evoke: Wand              |       |       |     3 ||     3
  Use: Scroll            |       |     6 |     7 ||    13
       Potion            |       |     4 |     2 ||     6
 Stab: Invisible         |       |     1 |       ||     1
Armor: Scale mail        |    20 |       |       ||    20
       Plate armour      |    79 |    49 |    49 ||   177
Dodge: Dodged            |    15 |    16 |    34 ||    65
Block: Kite shield       |    48 |       |       ||    48
       Buckler           |    19 |    35 |    41 ||    95
